Map: Thunderbird LE

Players

ShoWTimE - Winner!

  • Race: Protoss Protoss
  • Spawn Location: 11:00

JimRising

  • Race: Zerg Zerg
  • League: Grandmaster
  • Spawn Location: 5:00

Event: NationWars 2019

VOD

Have the link to the VOD?

Description

Time

  • Played on: Nov. 13, 2019, 12:03 p.m.
  • Length: 11:45
Show
View Real Time Build Order
Export as new Build Order

ShoWTimE Protoss - Winner!

Build Orders: 1 Gate Expand, Oracle Opening, Archon Immortal 

Get SALT Encoding   

  12  0:00  Probe  
  13  0:12  Probe  
  14  0:18  Pylon  
  14  0:24  Probe  
  15  0:36  Probe (Chrono Boost)  
  15  0:41  Gateway  
  16  0:46  Probe (Chrono Boost), Assimilator  
  17  0:51  Probe (Chrono Boost)  
  18  1:03  Probe  
  19  1:15  Probe  
  20  1:23  Nexus  
  20  1:27  Probe  
  21  1:37  Cybernetics Core  
  21  1:42  Assimilator  
  21  1:46  Probe  
  22  1:52  Pylon  
  22  1:58  Probe  
  23  2:10  Probe  
  23  2:11  Adept (Chrono Boost)  
  26  2:16  Stargate  
  26  2:22  Probe  
  27  2:23  Warp Gate  
  27  2:33  Stalker  
  27  2:35  Probe (Chrono Boost)  
  27  2:36  Probe (Chrono Boost)  
  32  2:46  Probe x2 (Chrono Boost)  
  32  2:50  Probe (Chrono Boost)  
  33  2:51  Probe (Chrono Boost)  
  35  3:00  Oracle (Chrono Boost), Probe  
  35  3:03  Probe  
  40  3:08  Pylon  
  41  3:12  Probe  
  41  3:15  Probe  
  42  3:21  Gateway  
  42  3:25  Probe  
  44  3:27  Probe  
  44  3:29  Oracle (Chrono Boost)  
  47  3:36  Assimilator  
  47  3:37  Probe  
  47  3:38  Assimilator  
  47  3:39  Probe  
  49  3:49  Probe  
  49  3:50  Pylon  
  49  3:51  Probe  
  49  3:55  Robotics Facility  
  51  4:01  Probe  
  52  4:03  Probe  
  52  4:05  Pylon  
  52  4:08  Phoenix (Chrono Boost)  
  55  4:11  Gateway  
  55  4:13  Probe  
  55  4:15  Probe  
  57  4:26  Oracle (Chrono Boost)  
  60  4:32  Nexus  
  60  4:33  Probe  
  60  4:35  Probe  
  60  4:38  Pylon  
  62  4:46  Probe  
  62  4:47  Probe  
  62  4:50  Observer (Chrono Boost), Sentry x2  
  69  4:53  Pylon  
  69  4:58  Probe  
  69  4:59  Probe  
  71  5:07  Pylon  
  71  5:08  Immortal (Chrono Boost)  
  71  5:10  Probe  
  71  5:12  Sentry  
  78  5:15  Sentry  
  78  5:16  Probe  
  81  5:22  Probe  
  81  5:26  Forge  
  81  5:28  Probe  
  83  5:30  Twilight Council  
  83  5:34  Probe  
  84  5:38  Immortal (Chrono Boost)  
  84  5:40  Probe  
  84  5:42  Zealot x2  
  93  5:45  Zealot  
  93  5:46  Probe  
  93  5:47  Probe  
  97  5:52  Probe, Assimilator  
  98  5:57  Assimilator  
  98  5:58  Probe  
  98  5:59  Probe  
  98  6:01  Protoss Ground Weapons Level 1 (Chrono Boost)  
  100  6:04  Probe  
  100  6:06  Gateway  
  100  6:07  Charge (Chrono Boost)  
  100  6:10  Probe  
  100  6:11  Probe  
  103  6:16  Probe  
  104  6:21  Templar Archives  
  104  6:22  Probe  
  104  6:23  Gateway  
  105  6:27  Gateway  
  105  6:28  Gateway  
  105  6:32  Immortal (Chrono Boost)  
  105  6:33  Gateway  
  105  6:35  Pylon  
  109  6:45  Pylon x3  
  109  6:57  Pylon  
  109  6:58  High Templar x2  
  109  6:59  High Templar  
  109  7:00  High Templar  
  117  7:03  Archon, Warp Prism (Chrono Boost)  
  117  7:04  Archon  
  117  7:07  Nexus  
  119  7:09  Pylon  
  119  7:15  Pylon  
  117  7:26  Probe x2  
  117  7:27  Probe  
  117  7:28  High Templar  
  117  7:29  High Templar, Immortal (Chrono Boost), Zealot x2  
  130  7:32  Zealot x4  
  130  7:33  Archon  
  138  7:38  Gateway  
  138  7:41  Gateway  
  138  7:47  Probe x2, Photon Cannon  
  138  7:49  Photon Cannon  
  130  8:03  Zealot x8  
  138  8:06  Protoss Ground Weapons Level 2 (Chrono Boost)  
  138  8:07  Immortal (Chrono Boost)  
  136  8:22  Probe x2  
  136  8:23  Probe x2  
  125  8:28  Sentry x2  
  125  8:29  Sentry, Zealot  
  126  8:34  Probe  
  126  8:35  Probe  
  126  8:39  Immortal  
  132  8:44  Probe  
  132  8:45  Probe, Assimilator  
  132  8:46  Probe  
  132  8:47  Assimilator  
  132  8:48  High Templar x4  
  143  8:49  Zealot x2  
  143  8:52  Archon  
  143  8:53  Zealot x4  
  143  8:54  Archon  
  155  9:00  Pylon  
  141  9:14  High Templar x4  
  145  9:19  Gateway, Zealot x2  
  145  9:20  Archon  
  145  9:21  Archon  
  145  9:22  Gateway, Zealot x4  
  143  9:34  Immortal (Chrono Boost)  
  143  9:40  Zealot x2  
  143  9:44  High Templar x3  
  143  9:45  Zealot x3  
  143  9:52  Archon, Zealot x3  
  135  9:53  Zealot  
  135  9:54  Shield Battery  
  135  9:55  Shield Battery  
  135  9:59  Shield Battery  
  143  10:05  High Templar  
  143  10:06  Immortal (Chrono Boost)  
  145  10:08  Shield Battery  
  145  10:10  Archon  
  145  10:13  Pylon  
  145  10:14  Pylon  
  145  10:15  Dark Shrine  
  145  10:16  Zealot x9  
  145  10:17  Zealot  
  165  10:37  Zealot x4  
  165  10:38  Zealot x7  
  175  10:59  Nexus  
  175  11:01  Pylon  
  175  11:02  High Templar x8  
  175  11:03  Zealot x4  
  197  11:07  Archon x3  
  197  11:08  Archon, Immortal (Chrono Boost)  
  183  11:29  Zealot x4  
Show
View Real Time Build Order
Export as new Build Order

JimRising Zerg 

Build Orders: Hatch First, Swarm Host 

Get SALT Encoding   

  12  0:00  Drone  
  13  0:12  Overlord  
  13  0:17  Drone  
  14  0:30  Drone  
  14  0:31  Drone  
  14  0:35  Drone  
  17  0:54  Drone, Hatchery  
  17  1:01  Extractor  
  16  1:10  Spawning Pool  
  15  1:13  Drone  
  15  1:16  Drone  
  17  1:20  Drone  
  18  1:27  Drone  
  19  1:42  Overlord  
  19  1:50  Drone  
  20  1:57  Queen  
  22  2:01  Zergling x2  
  22  2:07  Queen  
  22  2:08  Metabolic Boost  
  25  2:11  Zergling x2  
  25  2:14  Drone  
  27  2:17  Drone  
  28  2:23  Drone  
  28  2:28  Drone  
  30  2:32  Drone  
  31  2:44  Hatchery  
  30  2:46  Drone  
  30  2:51  Overlord  
  31  2:55  Drone x2  
  33  2:59  Pneumatized Carapace  
  33  3:05  Drone x2  
  33  3:10  Drone x3  
  38  3:15  Drone  
  39  3:20  Overlord  
  39  3:22  Drone x2  
  39  3:23  Drone  
  42  3:29  Queen  
  42  3:32  Spore Crawler  
  42  3:33  Drone  
  44  3:38  Spore Crawler  
  44  3:39  Drone  
  44  3:46  Drone  
  44  3:47  Drone x3  
  48  3:53  Overlord, Queen  
  50  3:57  Overlord  
  50  4:03  Drone x3  
  50  4:06  Drone  
  50  4:08  Evolution Chamber  
  53  4:11  Drone x3  
  57  4:17  Drone x3  
  57  4:19  Spore Crawler  
  57  4:22  Drone x3  
  61  4:26  Drone x2  
  61  4:28  Drone  
  61  4:29  Drone  
  64  4:33  Lair  
  64  4:36  Zerg Missile Weapons Level 1  
  64  4:37  Drone  
  65  4:39  Zergling x4  
  65  4:52  Drone x2  
  65  4:55  Drone  
  65  4:56  Extractor x2  
  65  4:57  Extractor  
  65  4:58  Roach Warren  
  62  5:00  Extractor  
  62  5:01  Extractor  
  62  5:02  Drone x5  
  62  5:03  Drone, Overlord x2  
  66  5:14  Overlord x2  
  66  5:20  Spore Crawler  
  65  5:26  Drone x2  
  65  5:27  Drone x4  
  71  5:41  Drone x4  
  71  5:42  Drone x4  
  79  5:43  Overlord  
  79  5:46  Roach x2  
  79  5:47  Roach  
  79  5:48  Glial Reconstitution  
  84  5:51  Roach  
  84  5:56  Roach  
  86  5:57  Roach  
  86  6:00  Roach x2  
  86  6:04  Roach x3  
  95  6:06  Roach  
  96  6:12  Roach  
  96  6:14  Overlord x5  
  96  6:17  Spire  
  97  6:22  Overlord  
  97  6:25  Overlord x2  
  97  6:31  Overlord x2  
  97  6:34  Drone  
  98  6:40  Drone  
  98  6:42  Drone  
  98  6:43  Drone  
  98  6:46  Hatchery  
  100  6:56  Drone x2  
  100  6:57  Nydus Network, Infestation Pit  
  100  7:01  Drone  
  100  7:02  Zerg Missile Weapons Level 2  
  100  7:04  Hydralisk Den  
  100  7:07  Roach  
  100  7:08  Roach x7  
  113  7:17  Roach  
  113  7:19  Roach x3  
  113  7:20  Roach x2  
  113  7:22  Roach x2  
  120  7:25  Roach x2  
  120  7:26  Roach x2  
  128  7:32  Overlord  
  128  7:36  Roach  
  128  7:37  Roach  
  132  7:40  Ravager x5  
  132  7:42  Roach, Ravager  
  132  7:43  Roach  
  142  7:44  Roach  
  136  7:53  Roach  
  136  7:57  Roach x3  
  136  7:58  Roach x3  
  128  8:00  Roach x2  
  128  8:02  Queen x2  
  128  8:04  Roach x2  
  121  8:14  Roach x2  
  121  8:15  Roach  
  121  8:18  Roach  
  123  8:20  Roach x2  
  123  8:21  Roach x3  
  123  8:24  Roach x3  
  123  8:25  Roach x2  
  116  8:35  Roach x2  
  116  8:37  Roach x2  
  116  8:41  Hydralisk  
  122  8:43  Ravager x2  
  122  8:44  Ravager x3  
  122  8:45  Roach  
  122  8:47  Roach  
  133  8:51  Roach x3  
  133  8:52  Roach  
  141  8:57  Roach x3  
  139  9:03  Roach x2  
  139  9:04  Roach  
  139  9:07  Roach  
  135  9:11  Roach  
  135  9:12  Roach x3  
  135  9:15  Nydus Canal  
  135  9:16  Roach x3  
  143  9:18  Roach  
  139  9:24  Roach x3  
  139  9:30  Roach  
  134  9:32  Roach x3  
  134  9:34  Roach x3  
  134  9:37  Hydralisk  
  144  9:41  Roach  
  144  9:43  Roach x2  
  136  9:53  Overlord x2  
  136  9:55  Drone  
  136  9:56  Drone x3  
  140  10:04  Swarm Host x4  
  140  10:05  Swarm Host  
  155  10:09  Swarm Host  
  156  10:18  Drone x3, Extractor x2  
  156  10:19  Drone x3  
  156  10:20  Drone, Queen  
  163  10:24  Muscular Augments, Hydralisk x2  
  163  10:26  Swarm Host  
  170  10:30  Swarm Host, Overlord  
  170  10:32  Overlord  
  171  10:42  Roach x2  
  167  10:43  Roach x6  
  167  10:45  Roach x2  
  167  10:49  Roach  
  159  10:55  Roach x6  
  163  10:58  Nydus Canal  
  163  11:01  Roach x3  
  167  11:08  Roach x2  
  168  11:12  Roach x3  
  155  11:25  Roach x2  
Tags
 
Add a new tag
Caveats
  • Supply blocks, unpowered buildings, or Contaminate may cause inaccurate times.
  • Supply counts are checked every 10 seconds.